Workbook

Sheet Q.1.Input
D3: Year
C4: Simulation | D4: 1 | E4: =D4+1 -> 2 | F4: =E4+1 -> 3 | G4: =F4+1 -> 4 | H4: =G4+1 -> 5 | I4: =H4+1 -> 6 | J4: =I4+1 -> 7 | K4: =J4+1 -> 8 | L4: =K4+1 -> 9 | M4: =L4+1 -> 10
C5: 1 | D5: -0.00393 | E5: 0.0577 | F5: 0.02624 | G5: -0.02242 | H5: 0.06122 | I5: 0.13923 | J5: -0.04146 | K5: -0.03593 | L5: 0.09216 | M5: -0.03317
C6: =C5+1 -> 2 | D6: 0.11634 | E6: -0.04203 | F6: -0.00139 | G6: 0.10839 | H6: -0.02164 | I6: 0.05958 | J6: 0.32887 | K6: -0.01853 | L6: 0.1884 | M6: 0.08557
C7: =C6+1 -> 3 | D7: 0.10096 | E7: 0.03837 | F7: -0.02219 | G7: 0.0356 | H7: 0.17399 | I7: 0.04366 | J7: 0.12684 | K7: 0.00957 | L7: 0.12533 | M7: 0.10005
C8: =C7+1 -> 4 | D8: 0.01229 | E8: 0.01121 | F8: 0.10422 | G8: 0.0791 | H8: 0.05622 | I8: -0.01878 | J8: -0.04233 | K8: 0.05879 | L8: 0.02092 | M8: 0.06089
C9: =C8+1 -> 5 | D9: 0.06923 | E9: 0.00279 | F9: 0.02164 | G9: 0.02447 | H9: 0.09487 | I9: 0.05678 | J9: -0.01992 | K9: -0.01754 | L9: 0.098 | M9: 0.00289
C10: =C9+1 -> 6 | D10: 0.08192 | E10: 0.12198 | F10: 0.11758 | G10: 0.09242 | H10: 0.10186 | I10: 0.05724 | J10: -0.04493 | K10: 0.00086 | L10: 0.12893 | M10: 0.01111
C11: =C10+1 -> 7 | D11: -0.04948 | E11: 0.06326 | F11: 0.05882 | G11: -0.00405 | H11: 0.07582 | I11: 0.10251 | J11: 0.05008 | K11: 0.05286 | L11: 0.01089 | M11: 0.1309
C12: =C11+1 -> 8 | D12: 0.18653 | E12: -0.02059 | F12: 0.04167 | G12: 0.17172 | H12: 0.1595 | I12: 0.10717 | J12: 0.11837 | K12: -0.00456 | L12: 0.05151 | M12: 0.0871
C13: =C12+1 -> 9 | D13: 0.13473 | E13: -0.00942 | F13: 0.07308 | G13: 0.13801 | H13: 0.02643 | I13: 0.05941 | J13: 0.0732 | K13: -0.03707 | L13: 0.05572 | M13: 0.1399
C14: =C13+1 -> 10 | D14: 0.14713 | E14: 0.04497 | F14: 0.07469 | G14: -0.00147 | H14: 0.10172 | I14: 0.08736 | J14: 0.05987 | K14: -0.0436 | L14: 0.05941 | M14: 0.07957
C15: =C14+1 -> 11 | D15: 0.04203 | E15: 0.00395 | F15: 0.09267 | G15: 0.08621 | H15: 0.11345 | I15: 0.13436 | J15: 0.28013 | K15: 0.11206 | L15: 0.04409 | M15: 0.12893
C16: =C15+1 -> 12 | D16: 0.06077 | E16: -0.0158 | F16: 0.14108 | G16: 0.084 | H16: 0.06948 | I16: 0.13551 | J16: 0.25361 | K16: 0.07082 | L16: -0.03822 | M16: 0.1022
C17: =C16+1 -> 13 | D17: 0.16865 | E17: 0.05135 | F17: 0.07716 | G17: 0.07256 | H17: 0.05679 | I17: 0.04594 | J17: 0.16117 | K17: 0.08398 | L17: 0.06781 | M17: 0.10811
... C104: =C103+1 -> 100 | D104: -0.02703 | E104: 0.08966 | F104: 0.06761 | G104: 0.06737 | H104: -0.0313 | I104: 0.06392 | J104: 0.00373 | K104: 0.0801 | L104: 0.00737 | M104: 0.26392

Sheet Q.1.i
G2: Expected Value at the end of 10 years | H2: =AVERAGE(N6:N105) -> 188644.15
D4: Year
C5: Simulation | D5: 0 | E5: =D5+1 -> 1 | F5: =E5+1 -> 2 | G5: =F5+1 -> 3 | H5: =G5+1 -> 4 | I5: =H5+1 -> 5 | J5: =I5+1 -> 6 | K5: =J5+1 -> 7 | L5: =K5+1 -> 8 | ... N5: =M5+1 -> 10
C6: 1 | D6: 100000 | E6: =D6*(1+'Q.1.Input'!D5) -> 99607 | F6: =E6*(1+'Q.1.Input'!E5) -> 105354.32 | G6: =F6*(1+'Q.1.Input'!F5) -> 108118.82 | H6: =G6*(1+'Q.1.Input'!G5) -> 105694.8 | I6: =H6*(1+'Q.1.Input'!H5) -> 112165.43 | J6: =I6*(1+'Q.1.Input'!I5) -> 127782.23 | K6: =J6*(1+'Q.1.Input'!J5) -> 122484.38 | L6: =K6*(1+'Q.1.Input'!K5) -> 118083.51 | ... N6: =M6*(1+'Q.1.Input'!M5) -> 124688.28
C7: =C6+1 -> 2 | D7: 100000 | E7: =D7*(1+'Q.1.Input'!D6) -> 111634 | F7: =E7*(1+'Q.1.Input'!E6) -> 106942.02 | G7: =F7*(1+'Q.1.Input'!F6) -> 106793.37 | H7: =G7*(1+'Q.1.Input'!G6) -> 118368.71 | I7: =H7*(1+'Q.1.Input'!H6) -> 115807.21 | J7: =I7*(1+'Q.1.Input'!I6) -> 122707 | K7: =J7*(1+'Q.1.Input'!J6) -> 163061.65 | L7: =K7*(1+'Q.1.Input'!K6) -> 160040.12 | ... N7: =M7*(1+'Q.1.Input'!M6) -> 206466.38
C8: =C7+1 -> 3 | D8: 100000 | E8: =D8*(1+'Q.1.Input'!D7) -> 110096 | F8: =E8*(1+'Q.1.Input'!E7) -> 114320.38 | G8: =F8*(1+'Q.1.Input'!F7) -> 111783.61 | H8: =G8*(1+'Q.1.Input'!G7) -> 115763.11 | I8: =H8*(1+'Q.1.Input'!H7) -> 135904.73 | J8: =I8*(1+'Q.1.Input'!I7) -> 141838.34 | K8: =J8*(1+'Q.1.Input'!J7) -> 159829.11 | L8: =K8*(1+'Q.1.Input'!K7) -> 161358.67 | ... N8: =M8*(1+'Q.1.Input'!M7) -> 199749.01
C9: =C8+1 -> 4 | D9: 100000 | E9: =D9*(1+'Q.1.Input'!D8) -> 101229 | F9: =E9*(1+'Q.1.Input'!E8) -> 102363.78 | G9: =F9*(1+'Q.1.Input'!F8) -> 113032.13 | H9: =G9*(1+'Q.1.Input'!G8) -> 121972.97 | I9: =H9*(1+'Q.1.Input'!H8) -> 128830.29 | J9: =I9*(1+'Q.1.Input'!I8) -> 126410.86 | K9: =J9*(1+'Q.1.Input'!J8) -> 121059.89 | L9: =K9*(1+'Q.1.Input'!K8) -> 128177 | ... N9: =M9*(1+'Q.1.Input'!M8) -> 138826.43
C10: =C9+1 -> 5 | D10: 100000 | E10: =D10*(1+'Q.1.Input'!D9) -> 106923 | F10: =E10*(1+'Q.1.Input'!E9) -> 107221.32 | G10: =F10*(1+'Q.1.Input'!F9) -> 109541.58 | H10: =G10*(1+'Q.1.Input'!G9) -> 112222.07 | I10: =H10*(1+'Q.1.Input'!H9) -> 122868.57 | J10: =I10*(1+'Q.1.Input'!I9) -> 129845.05 | K10: =J10*(1+'Q.1.Input'!J9) -> 127258.54 | L10: =K10*(1+'Q.1.Input'!K9) -> 125026.42 | ... N10: =M10*(1+'Q.1.Input'!M9) -> 137675.75
C11: =C10+1 -> 6 | D11: 100000 | E11: =D11*(1+'Q.1.Input'!D10) -> 108192 | F11: =E11*(1+'Q.1.Input'!E10) -> 121389.26 | G11: =F11*(1+'Q.1.Input'!F10) -> 135662.21 | H11: =G11*(1+'Q.1.Input'!G10) -> 148200.11 | I11: =H11*(1+'Q.1.Input'!H10) -> 163295.77 | J11: =I11*(1+'Q.1.Input'!I10) -> 172642.82 | K11: =J11*(1+'Q.1.Input'!J10) -> 164885.98 | L11: =K11*(1+'Q.1.Input'!K10) -> 165027.78 | ... N11: =M11*(1+'Q.1.Input'!M10) -> 188374.66
C12: =C11+1 -> 7 | D12: 100000 | E12: =D12*(1+'Q.1.Input'!D11) -> 95052 | F12: =E12*(1+'Q.1.Input'!E11) -> 101064.99 | G12: =F12*(1+'Q.1.Input'!F11) -> 107009.63 | H12: =G12*(1+'Q.1.Input'!G11) -> 106576.24 | I12: =H12*(1+'Q.1.Input'!H11) -> 114656.85 | J12: =I12*(1+'Q.1.Input'!I11) -> 126410.33 | K12: =J12*(1+'Q.1.Input'!J11) -> 132740.96 | L12: =K12*(1+'Q.1.Input'!K11) -> 139757.64 | ... N12: =M12*(1+'Q.1.Input'!M11) -> 159773.11
C13: =C12+1 -> 8 | D13: 100000 | E13: =D13*(1+'Q.1.Input'!D12) -> 118653 | F13: =E13*(1+'Q.1.Input'!E12) -> 116209.93 | G13: =F13*(1+'Q.1.Input'!F12) -> 121052.4 | H13: =G13*(1+'Q.1.Input'!G12) -> 141839.52 | I13: =H13*(1+'Q.1.Input'!H12) -> 164462.92 | J13: =I13*(1+'Q.1.Input'!I12) -> 182088.42 | K13: =J13*(1+'Q.1.Input'!J12) -> 203642.22 | L13: =K13*(1+'Q.1.Input'!K12) -> 202713.61 | ... N13: =M13*(1+'Q.1.Input'!M12) -> 231721.23
C14: =C13+1 -> 9 | D14: 100000 | E14: =D14*(1+'Q.1.Input'!D13) -> 113473 | F14: =E14*(1+'Q.1.Input'!E13) -> 112404.08 | G14: =F14*(1+'Q.1.Input'!F13) -> 120618.57 | H14: =G14*(1+'Q.1.Input'!G13) -> 137265.14 | I14: =H14*(1+'Q.1.Input'!H13) -> 140893.06 | J14: =I14*(1+'Q.1.Input'!I13) -> 149263.52 | K14: =J14*(1+'Q.1.Input'!J13) -> 160189.61 | L14: =K14*(1+'Q.1.Input'!K13) -> 154251.38 | ... N14: =M14*(1+'Q.1.Input'!M13) -> 185628.46
C15: =C14+1 -> 10 | D15: 100000 | E15: =D15*(1+'Q.1.Input'!D14) -> 114713 | F15: =E15*(1+'Q.1.Input'!E14) -> 119871.64 | G15: =F15*(1+'Q.1.Input'!F14) -> 128824.86 | H15: =G15*(1+'Q.1.Input'!G14) -> 128635.48 | I15: =H15*(1+'Q.1.Input'!H14) -> 141720.29 | J15: =I15*(1+'Q.1.Input'!I14) -> 154100.97 | K15: =J15*(1+'Q.1.Input'!J14) -> 163326.99 | L15: =K15*(1+'Q.1.Input'!K14) -> 156205.94 | ... N15: =M15*(1+'Q.1.Input'!M14) -> 178653.86
C16: =C15+1 -> 11 | D16: 100000 | E16: =D16*(1+'Q.1.Input'!D15) -> 104203 | F16: =E16*(1+'Q.1.Input'!E15) -> 104614.6 | G16: =F16*(1+'Q.1.Input'!F15) -> 114309.24 | H16: =G16*(1+'Q.1.Input'!G15) -> 124163.84 | I16: =H16*(1+'Q.1.Input'!H15) -> 138250.22 | J16: =I16*(1+'Q.1.Input'!I15) -> 156825.52 | K16: =J16*(1+'Q.1.Input'!J15) -> 200757.06 | L16: =K16*(1+'Q.1.Input'!K15) -> 223253.89 | ... N16: =M16*(1+'Q.1.Input'!M15) -> 263150.37
C17: =C16+1 -> 12 | D17: 100000 | E17: =D17*(1+'Q.1.Input'!D16) -> 106077 | F17: =E17*(1+'Q.1.Input'!E16) -> 104400.98 | G17: =F17*(1+'Q.1.Input'!F16) -> 119129.87 | H17: =G17*(1+'Q.1.Input'!G16) -> 129136.78 | I17: =H17*(1+'Q.1.Input'!H16) -> 138109.21 | J17: =I17*(1+'Q.1.Input'!I16) -> 156824.39 | K17: =J17*(1+'Q.1.Input'!J16) -> 196596.62 | L17: =K17*(1+'Q.1.Input'!K16) -> 210519.59 | ... N17: =M17*(1+'Q.1.Input'!M16) -> 223166.33
C18: =C17+1 -> 13 | D18: 100000 | E18: =D18*(1+'Q.1.Input'!D17) -> 116865 | F18: =E18*(1+'Q.1.Input'!E17) -> 122866.02 | G18: =F18*(1+'Q.1.Input'!F17) -> 132346.36 | H18: =G18*(1+'Q.1.Input'!G17) -> 141949.41 | I18: =H18*(1+'Q.1.Input'!H17) -> 150010.72 | J18: =I18*(1+'Q.1.Input'!I17) -> 156902.21 | K18: =J18*(1+'Q.1.Input'!J17) -> 182190.14 | L18: =K18*(1+'Q.1.Input'!K17) -> 197490.47 | ... N18: =M18*(1+'Q.1.Input'!M17) -> 233680.78
... C105: =C104+1 -> 100 | D105: 100000 | E105: =D105*(1+'Q.1.Input'!D104) -> 97297 | F105: =E105*(1+'Q.1.Input'!E104) -> 106020.65 | G105: =F105*(1+'Q.1.Input'!F104) -> 113188.71 | H105: =G105*(1+'Q.1.Input'!G104) -> 120814.23 | I105: =H105*(1+'Q.1.Input'!H104) -> 117032.74 | J105: =I105*(1+'Q.1.Input'!I104) -> 124513.48 | K105: =J105*(1+'Q.1.Input'!J104) -> 124977.91 | L105: =K105*(1+'Q.1.Input'!K104) -> 134988.64 | ... N105: =M105*(1+'Q.1.Input'!M104) -> 171872.28

Sheet Q.1.ii
A1: Guranteed return | B1: 0.03 | C1: p.a
G2: Probability of fund value being lower than guarantee | H2: =COUNTIFS($P$6:$P$105,"Yes")/100 -> 0.06
D4: Year
C5: Simulation | D5: 0 | E5: =D5+1 -> 1 | F5: =E5+1 -> 2 | G5: =F5+1 -> 3 | H5: =G5+1 -> 4 | I5: =H5+1 -> 5 | J5: =I5+1 -> 6 | K5: =J5+1 -> 7 | L5: =K5+1 -> 8 | ... N5: =M5+1 -> 10 | O5: Guranteed Value | P5: Fund value lower than Guranteed value?
C6: 1 | D6: 100000 | E6: =D6*(1+'Q.1.Input'!D5) -> 99607 | F6: =E6*(1+'Q.1.Input'!E5) -> 105354.32 | G6: =F6*(1+'Q.1.Input'!F5) -> 108118.82 | H6: =G6*(1+'Q.1.Input'!G5) -> 105694.8 | I6: =H6*(1+'Q.1.Input'!H5) -> 112165.43 | J6: =I6*(1+'Q.1.Input'!I5) -> 127782.23 | K6: =J6*(1+'Q.1.Input'!J5) -> 122484.38 | L6: =K6*(1+'Q.1.Input'!K5) -> 118083.51 | ... N6: =M6*(1+'Q.1.Input'!M5) -> 124688.28 | O6: =D6*(1+$B$1)^10 -> 134391.64 | P6: =IF(N6<O6,"Yes","No") -> Yes
C7: =C6+1 -> 2 | D7: 100000 | E7: =D7*(1+'Q.1.Input'!D6) -> 111634 | F7: =E7*(1+'Q.1.Input'!E6) -> 106942.02 | G7: =F7*(1+'Q.1.Input'!F6) -> 106793.37 | H7: =G7*(1+'Q.1.Input'!G6) -> 118368.71 | I7: =H7*(1+'Q.1.Input'!H6) -> 115807.21 | J7: =I7*(1+'Q.1.Input'!I6) -> 122707 | K7: =J7*(1+'Q.1.Input'!J6) -> 163061.65 | L7: =K7*(1+'Q.1.Input'!K6) -> 160040.12 | ... N7: =M7*(1+'Q.1.Input'!M6) -> 206466.38 | O7: =D7*(1+$B$1)^10 -> 134391.64 | P7: =IF(N7<O7,"Yes","No") -> No
C8: =C7+1 -> 3 | D8: 100000 | E8: =D8*(1+'Q.1.Input'!D7) -> 110096 | F8: =E8*(1+'Q.1.Input'!E7) -> 114320.38 | G8: =F8*(1+'Q.1.Input'!F7) -> 111783.61 | H8: =G8*(1+'Q.1.Input'!G7) -> 115763.11 | I8: =H8*(1+'Q.1.Input'!H7) -> 135904.73 | J8: =I8*(1+'Q.1.Input'!I7) -> 141838.34 | K8: =J8*(1+'Q.1.Input'!J7) -> 159829.11 | L8: =K8*(1+'Q.1.Input'!K7) -> 161358.67 | ... N8: =M8*(1+'Q.1.Input'!M7) -> 199749.01 | O8: =D8*(1+$B$1)^10 -> 134391.64 | P8: =IF(N8<O8,"Yes","No") -> No
C9: =C8+1 -> 4 | D9: 100000 | E9: =D9*(1+'Q.1.Input'!D8) -> 101229 | F9: =E9*(1+'Q.1.Input'!E8) -> 102363.78 | G9: =F9*(1+'Q.1.Input'!F8) -> 113032.13 | H9: =G9*(1+'Q.1.Input'!G8) -> 121972.97 | I9: =H9*(1+'Q.1.Input'!H8) -> 128830.29 | J9: =I9*(1+'Q.1.Input'!I8) -> 126410.86 | K9: =J9*(1+'Q.1.Input'!J8) -> 121059.89 | L9: =K9*(1+'Q.1.Input'!K8) -> 128177 | ... N9: =M9*(1+'Q.1.Input'!M8) -> 138826.43 | O9: =D9*(1+$B$1)^10 -> 134391.64 | P9: =IF(N9<O9,"Yes","No") -> No
C10: =C9+1 -> 5 | D10: 100000 | E10: =D10*(1+'Q.1.Input'!D9) -> 106923 | F10: =E10*(1+'Q.1.Input'!E9) -> 107221.32 | G10: =F10*(1+'Q.1.Input'!F9) -> 109541.58 | H10: =G10*(1+'Q.1.Input'!G9) -> 112222.07 | I10: =H10*(1+'Q.1.Input'!H9) -> 122868.57 | J10: =I10*(1+'Q.1.Input'!I9) -> 129845.05 | K10: =J10*(1+'Q.1.Input'!J9) -> 127258.54 | L10: =K10*(1+'Q.1.Input'!K9) -> 125026.42 | ... N10: =M10*(1+'Q.1.Input'!M9) -> 137675.75 | O10: =D10*(1+$B$1)^10 -> 134391.64 | P10: =IF(N10<O10,"Yes","No") -> No
C11: =C10+1 -> 6 | D11: 100000 | E11: =D11*(1+'Q.1.Input'!D10) -> 108192 | F11: =E11*(1+'Q.1.Input'!E10) -> 121389.26 | G11: =F11*(1+'Q.1.Input'!F10) -> 135662.21 | H11: =G11*(1+'Q.1.Input'!G10) -> 148200.11 | I11: =H11*(1+'Q.1.Input'!H10) -> 163295.77 | J11: =I11*(1+'Q.1.Input'!I10) -> 172642.82 | K11: =J11*(1+'Q.1.Input'!J10) -> 164885.98 | L11: =K11*(1+'Q.1.Input'!K10) -> 165027.78 | ... N11: =M11*(1+'Q.1.Input'!M10) -> 188374.66 | O11: =D11*(1+$B$1)^10 -> 134391.64 | P11: =IF(N11<O11,"Yes","No") -> No
C12: =C11+1 -> 7 | D12: 100000 | E12: =D12*(1+'Q.1.Input'!D11) -> 95052 | F12: =E12*(1+'Q.1.Input'!E11) -> 101064.99 | G12: =F12*(1+'Q.1.Input'!F11) -> 107009.63 | H12: =G12*(1+'Q.1.Input'!G11) -> 106576.24 | I12: =H12*(1+'Q.1.Input'!H11) -> 114656.85 | J12: =I12*(1+'Q.1.Input'!I11) -> 126410.33 | K12: =J12*(1+'Q.1.Input'!J11) -> 132740.96 | L12: =K12*(1+'Q.1.Input'!K11) -> 139757.64 | ... N12: =M12*(1+'Q.1.Input'!M11) -> 159773.11 | O12: =D12*(1+$B$1)^10 -> 134391.64 | P12: =IF(N12<O12,"Yes","No") -> No
C13: =C12+1 -> 8 | D13: 100000 | E13: =D13*(1+'Q.1.Input'!D12) -> 118653 | F13: =E13*(1+'Q.1.Input'!E12) -> 116209.93 | G13: =F13*(1+'Q.1.Input'!F12) -> 121052.4 | H13: =G13*(1+'Q.1.Input'!G12) -> 141839.52 | I13: =H13*(1+'Q.1.Input'!H12) -> 164462.92 | J13: =I13*(1+'Q.1.Input'!I12) -> 182088.42 | K13: =J13*(1+'Q.1.Input'!J12) -> 203642.22 | L13: =K13*(1+'Q.1.Input'!K12) -> 202713.61 | ... N13: =M13*(1+'Q.1.Input'!M12) -> 231721.23 | O13: =D13*(1+$B$1)^10 -> 134391.64 | P13: =IF(N13<O13,"Yes","No") -> No
C14: =C13+1 -> 9 | D14: 100000 | E14: =D14*(1+'Q.1.Input'!D13) -> 113473 | F14: =E14*(1+'Q.1.Input'!E13) -> 112404.08 | G14: =F14*(1+'Q.1.Input'!F13) -> 120618.57 | H14: =G14*(1+'Q.1.Input'!G13) -> 137265.14 | I14: =H14*(1+'Q.1.Input'!H13) -> 140893.06 | J14: =I14*(1+'Q.1.Input'!I13) -> 149263.52 | K14: =J14*(1+'Q.1.Input'!J13) -> 160189.61 | L14: =K14*(1+'Q.1.Input'!K13) -> 154251.38 | ... N14: =M14*(1+'Q.1.Input'!M13) -> 185628.46 | O14: =D14*(1+$B$1)^10 -> 134391.64 | P14: =IF(N14<O14,"Yes","No") -> No
C15: =C14+1 -> 10 | D15: 100000 | E15: =D15*(1+'Q.1.Input'!D14) -> 114713 | F15: =E15*(1+'Q.1.Input'!E14) -> 119871.64 | G15: =F15*(1+'Q.1.Input'!F14) -> 128824.86 | H15: =G15*(1+'Q.1.Input'!G14) -> 128635.48 | I15: =H15*(1+'Q.1.Input'!H14) -> 141720.29 | J15: =I15*(1+'Q.1.Input'!I14) -> 154100.97 | K15: =J15*(1+'Q.1.Input'!J14) -> 163326.99 | L15: =K15*(1+'Q.1.Input'!K14) -> 156205.94 | ... N15: =M15*(1+'Q.1.Input'!M14) -> 178653.86 | O15: =D15*(1+$B$1)^10 -> 134391.64 | P15: =IF(N15<O15,"Yes","No") -> No
C16: =C15+1 -> 11 | D16: 100000 | E16: =D16*(1+'Q.1.Input'!D15) -> 104203 | F16: =E16*(1+'Q.1.Input'!E15) -> 104614.6 | G16: =F16*(1+'Q.1.Input'!F15) -> 114309.24 | H16: =G16*(1+'Q.1.Input'!G15) -> 124163.84 | I16: =H16*(1+'Q.1.Input'!H15) -> 138250.22 | J16: =I16*(1+'Q.1.Input'!I15) -> 156825.52 | K16: =J16*(1+'Q.1.Input'!J15) -> 200757.06 | L16: =K16*(1+'Q.1.Input'!K15) -> 223253.89 | ... N16: =M16*(1+'Q.1.Input'!M15) -> 263150.37 | O16: =D16*(1+$B$1)^10 -> 134391.64 | P16: =IF(N16<O16,"Yes","No") -> No
C17: =C16+1 -> 12 | D17: 100000 | E17: =D17*(1+'Q.1.Input'!D16) -> 106077 | F17: =E17*(1+'Q.1.Input'!E16) -> 104400.98 | G17: =F17*(1+'Q.1.Input'!F16) -> 119129.87 | H17: =G17*(1+'Q.1.Input'!G16) -> 129136.78 | I17: =H17*(1+'Q.1.Input'!H16) -> 138109.21 | J17: =I17*(1+'Q.1.Input'!I16) -> 156824.39 | K17: =J17*(1+'Q.1.Input'!J16) -> 196596.62 | L17: =K17*(1+'Q.1.Input'!K16) -> 210519.59 | ... N17: =M17*(1+'Q.1.Input'!M16) -> 223166.33 | O17: =D17*(1+$B$1)^10 -> 134391.64 | P17: =IF(N17<O17,"Yes","No") -> No
C18: =C17+1 -> 13 | D18: 100000 | E18: =D18*(1+'Q.1.Input'!D17) -> 116865 | F18: =E18*(1+'Q.1.Input'!E17) -> 122866.02 | G18: =F18*(1+'Q.1.Input'!F17) -> 132346.36 | H18: =G18*(1+'Q.1.Input'!G17) -> 141949.41 | I18: =H18*(1+'Q.1.Input'!H17) -> 150010.72 | J18: =I18*(1+'Q.1.Input'!I17) -> 156902.21 | K18: =J18*(1+'Q.1.Input'!J17) -> 182190.14 | L18: =K18*(1+'Q.1.Input'!K17) -> 197490.47 | ... N18: =M18*(1+'Q.1.Input'!M17) -> 233680.78 | O18: =D18*(1+$B$1)^10 -> 134391.64 | P18: =IF(N18<O18,"Yes","No") -> No
... C105: =C104+1 -> 100 | D105: 100000 | E105: =D105*(1+'Q.1.Input'!D104) -> 97297 | F105: =E105*(1+'Q.1.Input'!E104) -> 106020.65 | G105: =F105*(1+'Q.1.Input'!F104) -> 113188.71 | H105: =G105*(1+'Q.1.Input'!G104) -> 120814.23 | I105: =H105*(1+'Q.1.Input'!H104) -> 117032.74 | J105: =I105*(1+'Q.1.Input'!I104) -> 124513.48 | K105: =J105*(1+'Q.1.Input'!J104) -> 124977.91 | L105: =K105*(1+'Q.1.Input'!K104) -> 134988.64 | ... N105: =M105*(1+'Q.1.Input'!M104) -> 171872.28 | O105: =D105*(1+$B$1)^10 -> 134391.64 | P105: =IF(N105<O105,"Yes","No") -> No

Sheet Q.1.iii
A1: Guranteed return | B1: 0.03 | C1: p.a
A2: Discount factor | B2: =(1+2%)^-10 -> 0.8203483 | G2: Cost of guarantee | H2: =AVERAGE(Q6:Q105) -> 315.20936
D4: Year
C5: Simulation | D5: 0 | E5: =D5+1 -> 1 | F5: =E5+1 -> 2 | G5: =F5+1 -> 3 | H5: =G5+1 -> 4 | I5: =H5+1 -> 5 | J5: =I5+1 -> 6 | K5: =J5+1 -> 7 | L5: =K5+1 -> 8 | ... N5: =M5+1 -> 10 | O5: Guranteed Value | P5: Cost of gurantee | Q5: Discounted Value
C6: 1 | D6: 100000 | E6: =D6*(1+'Q.1.Input'!D5) -> 99607 | F6: =E6*(1+'Q.1.Input'!E5) -> 105354.32 | G6: =F6*(1+'Q.1.Input'!F5) -> 108118.82 | H6: =G6*(1+'Q.1.Input'!G5) -> 105694.8 | I6: =H6*(1+'Q.1.Input'!H5) -> 112165.43 | J6: =I6*(1+'Q.1.Input'!I5) -> 127782.23 | K6: =J6*(1+'Q.1.Input'!J5) -> 122484.38 | L6: =K6*(1+'Q.1.Input'!K5) -> 118083.51 | ... N6: =M6*(1+'Q.1.Input'!M5) -> 124688.28 | O6: =D6*(1+$B$1)^10 -> 134391.64 | P6: =MAX(O6-N6,0) -> 9703.3552 | Q6: =P6*$B$2 -> 7960.131
C7: =C6+1 -> 2 | D7: 100000 | E7: =D7*(1+'Q.1.Input'!D6) -> 111634 | F7: =E7*(1+'Q.1.Input'!E6) -> 106942.02 | G7: =F7*(1+'Q.1.Input'!F6) -> 106793.37 | H7: =G7*(1+'Q.1.Input'!G6) -> 118368.71 | I7: =H7*(1+'Q.1.Input'!H6) -> 115807.21 | J7: =I7*(1+'Q.1.Input'!I6) -> 122707 | K7: =J7*(1+'Q.1.Input'!J6) -> 163061.65 | L7: =K7*(1+'Q.1.Input'!K6) -> 160040.12 | ... N7: =M7*(1+'Q.1.Input'!M6) -> 206466.38 | O7: =D7*(1+$B$1)^10 -> 134391.64 | P7: =MAX(O7-N7,0) -> 0 | Q7: =P7*$B$2 -> 0
C8: =C7+1 -> 3 | D8: 100000 | E8: =D8*(1+'Q.1.Input'!D7) -> 110096 | F8: =E8*(1+'Q.1.Input'!E7) -> 114320.38 | G8: =F8*(1+'Q.1.Input'!F7) -> 111783.61 | H8: =G8*(1+'Q.1.Input'!G7) -> 115763.11 | I8: =H8*(1+'Q.1.Input'!H7) -> 135904.73 | J8: =I8*(1+'Q.1.Input'!I7) -> 141838.34 | K8: =J8*(1+'Q.1.Input'!J7) -> 159829.11 | L8: =K8*(1+'Q.1.Input'!K7) -> 161358.67 | ... N8: =M8*(1+'Q.1.Input'!M7) -> 199749.01 | O8: =D8*(1+$B$1)^10 -> 134391.64 | P8: =MAX(O8-N8,0) -> 0 | Q8: =P8*$B$2 -> 0
C9: =C8+1 -> 4 | D9: 100000 | E9: =D9*(1+'Q.1.Input'!D8) -> 101229 | F9: =E9*(1+'Q.1.Input'!E8) -> 102363.78 | G9: =F9*(1+'Q.1.Input'!F8) -> 113032.13 | H9: =G9*(1+'Q.1.Input'!G8) -> 121972.97 | I9: =H9*(1+'Q.1.Input'!H8) -> 128830.29 | J9: =I9*(1+'Q.1.Input'!I8) -> 126410.86 | K9: =J9*(1+'Q.1.Input'!J8) -> 121059.89 | L9: =K9*(1+'Q.1.Input'!K8) -> 128177 | ... N9: =M9*(1+'Q.1.Input'!M8) -> 138826.43 | O9: =D9*(1+$B$1)^10 -> 134391.64 | P9: =MAX(O9-N9,0) -> 0 | Q9: =P9*$B$2 -> 0
C10: =C9+1 -> 5 | D10: 100000 | E10: =D10*(1+'Q.1.Input'!D9) -> 106923 | F10: =E10*(1+'Q.1.Input'!E9) -> 107221.32 | G10: =F10*(1+'Q.1.Input'!F9) -> 109541.58 | H10: =G10*(1+'Q.1.Input'!G9) -> 112222.07 | I10: =H10*(1+'Q.1.Input'!H9) -> 122868.57 | J10: =I10*(1+'Q.1.Input'!I9) -> 129845.05 | K10: =J10*(1+'Q.1.Input'!J9) -> 127258.54 | L10: =K10*(1+'Q.1.Input'!K9) -> 125026.42 | ... N10: =M10*(1+'Q.1.Input'!M9) -> 137675.75 | O10: =D10*(1+$B$1)^10 -> 134391.64 | P10: =MAX(O10-N10,0) -> 0 | Q10: =P10*$B$2 -> 0
C11: =C10+1 -> 6 | D11: 100000 | E11: =D11*(1+'Q.1.Input'!D10) -> 108192 | F11: =E11*(1+'Q.1.Input'!E10) -> 121389.26 | G11: =F11*(1+'Q.1.Input'!F10) -> 135662.21 | H11: =G11*(1+'Q.1.Input'!G10) -> 148200.11 | I11: =H11*(1+'Q.1.Input'!H10) -> 163295.77 | J11: =I11*(1+'Q.1.Input'!I10) -> 172642.82 | K11: =J11*(1+'Q.1.Input'!J10) -> 164885.98 | L11: =K11*(1+'Q.1.Input'!K10) -> 165027.78 | ... N11: =M11*(1+'Q.1.Input'!M10) -> 188374.66 | O11: =D11*(1+$B$1)^10 -> 134391.64 | P11: =MAX(O11-N11,0) -> 0 | Q11: =P11*$B$2 -> 0
C12: =C11+1 -> 7 | D12: 100000 | E12: =D12*(1+'Q.1.Input'!D11) -> 95052 | F12: =E12*(1+'Q.1.Input'!E11) -> 101064.99 | G12: =F12*(1+'Q.1.Input'!F11) -> 107009.63 | H12: =G12*(1+'Q.1.Input'!G11) -> 106576.24 | I12: =H12*(1+'Q.1.Input'!H11) -> 114656.85 | J12: =I12*(1+'Q.1.Input'!I11) -> 126410.33 | K12: =J12*(1+'Q.1.Input'!J11) -> 132740.96 | L12: =K12*(1+'Q.1.Input'!K11) -> 139757.64 | ... N12: =M12*(1+'Q.1.Input'!M11) -> 159773.11 | O12: =D12*(1+$B$1)^10 -> 134391.64 | P12: =MAX(O12-N12,0) -> 0 | Q12: =P12*$B$2 -> 0
C13: =C12+1 -> 8 | D13: 100000 | E13: =D13*(1+'Q.1.Input'!D12) -> 118653 | F13: =E13*(1+'Q.1.Input'!E12) -> 116209.93 | G13: =F13*(1+'Q.1.Input'!F12) -> 121052.4 | H13: =G13*(1+'Q.1.Input'!G12) -> 141839.52 | I13: =H13*(1+'Q.1.Input'!H12) -> 164462.92 | J13: =I13*(1+'Q.1.Input'!I12) -> 182088.42 | K13: =J13*(1+'Q.1.Input'!J12) -> 203642.22 | L13: =K13*(1+'Q.1.Input'!K12) -> 202713.61 | ... N13: =M13*(1+'Q.1.Input'!M12) -> 231721.23 | O13: =D13*(1+$B$1)^10 -> 134391.64 | P13: =MAX(O13-N13,0) -> 0 | Q13: =P13*$B$2 -> 0
C14: =C13+1 -> 9 | D14: 100000 | E14: =D14*(1+'Q.1.Input'!D13) -> 113473 | F14: =E14*(1+'Q.1.Input'!E13) -> 112404.08 | G14: =F14*(1+'Q.1.Input'!F13) -> 120618.57 | H14: =G14*(1+'Q.1.Input'!G13) -> 137265.14 | I14: =H14*(1+'Q.1.Input'!H13) -> 140893.06 | J14: =I14*(1+'Q.1.Input'!I13) -> 149263.52 | K14: =J14*(1+'Q.1.Input'!J13) -> 160189.61 | L14: =K14*(1+'Q.1.Input'!K13) -> 154251.38 | ... N14: =M14*(1+'Q.1.Input'!M13) -> 185628.46 | O14: =D14*(1+$B$1)^10 -> 134391.64 | P14: =MAX(O14-N14,0) -> 0 | Q14: =P14*$B$2 -> 0
C15: =C14+1 -> 10 | D15: 100000 | E15: =D15*(1+'Q.1.Input'!D14) -> 114713 | F15: =E15*(1+'Q.1.Input'!E14) -> 119871.64 | G15: =F15*(1+'Q.1.Input'!F14) -> 128824.86 | H15: =G15*(1+'Q.1.Input'!G14) -> 128635.48 | I15: =H15*(1+'Q.1.Input'!H14) -> 141720.29 | J15: =I15*(1+'Q.1.Input'!I14) -> 154100.97 | K15: =J15*(1+'Q.1.Input'!J14) -> 163326.99 | L15: =K15*(1+'Q.1.Input'!K14) -> 156205.94 | ... N15: =M15*(1+'Q.1.Input'!M14) -> 178653.86 | O15: =D15*(1+$B$1)^10 -> 134391.64 | P15: =MAX(O15-N15,0) -> 0 | Q15: =P15*$B$2 -> 0
C16: =C15+1 -> 11 | D16: 100000 | E16: =D16*(1+'Q.1.Input'!D15) -> 104203 | F16: =E16*(1+'Q.1.Input'!E15) -> 104614.6 | G16: =F16*(1+'Q.1.Input'!F15) -> 114309.24 | H16: =G16*(1+'Q.1.Input'!G15) -> 124163.84 | I16: =H16*(1+'Q.1.Input'!H15) -> 138250.22 | J16: =I16*(1+'Q.1.Input'!I15) -> 156825.52 | K16: =J16*(1+'Q.1.Input'!J15) -> 200757.06 | L16: =K16*(1+'Q.1.Input'!K15) -> 223253.89 | ... N16: =M16*(1+'Q.1.Input'!M15) -> 263150.37 | O16: =D16*(1+$B$1)^10 -> 134391.64 | P16: =MAX(O16-N16,0) -> 0 | Q16: =P16*$B$2 -> 0
C17: =C16+1 -> 12 | D17: 100000 | E17: =D17*(1+'Q.1.Input'!D16) -> 106077 | F17: =E17*(1+'Q.1.Input'!E16) -> 104400.98 | G17: =F17*(1+'Q.1.Input'!F16) -> 119129.87 | H17: =G17*(1+'Q.1.Input'!G16) -> 129136.78 | I17: =H17*(1+'Q.1.Input'!H16) -> 138109.21 | J17: =I17*(1+'Q.1.Input'!I16) -> 156824.39 | K17: =J17*(1+'Q.1.Input'!J16) -> 196596.62 | L17: =K17*(1+'Q.1.Input'!K16) -> 210519.59 | ... N17: =M17*(1+'Q.1.Input'!M16) -> 223166.33 | O17: =D17*(1+$B$1)^10 -> 134391.64 | P17: =MAX(O17-N17,0) -> 0 | Q17: =P17*$B$2 -> 0
C18: =C17+1 -> 13 | D18: 100000 | E18: =D18*(1+'Q.1.Input'!D17) -> 116865 | F18: =E18*(1+'Q.1.Input'!E17) -> 122866.02 | G18: =F18*(1+'Q.1.Input'!F17) -> 132346.36 | H18: =G18*(1+'Q.1.Input'!G17) -> 141949.41 | I18: =H18*(1+'Q.1.Input'!H17) -> 150010.72 | J18: =I18*(1+'Q.1.Input'!I17) -> 156902.21 | K18: =J18*(1+'Q.1.Input'!J17) -> 182190.14 | L18: =K18*(1+'Q.1.Input'!K17) -> 197490.47 | ... N18: =M18*(1+'Q.1.Input'!M17) -> 233680.78 | O18: =D18*(1+$B$1)^10 -> 134391.64 | P18: =MAX(O18-N18,0) -> 0 | Q18: =P18*$B$2 -> 0
... C105: =C104+1 -> 100 | D105: 100000 | E105: =D105*(1+'Q.1.Input'!D104) -> 97297 | F105: =E105*(1+'Q.1.Input'!E104) -> 106020.65 | G105: =F105*(1+'Q.1.Input'!F104) -> 113188.71 | H105: =G105*(1+'Q.1.Input'!G104) -> 120814.23 | I105: =H105*(1+'Q.1.Input'!H104) -> 117032.74 | J105: =I105*(1+'Q.1.Input'!I104) -> 124513.48 | K105: =J105*(1+'Q.1.Input'!J104) -> 124977.91 | L105: =K105*(1+'Q.1.Input'!K104) -> 134988.64 | ... N105: =M105*(1+'Q.1.Input'!M104) -> 171872.28 | O105: =D105*(1+$B$1)^10 -> 134391.64 | P105: =MAX(O105-N105,0) -> 0 | Q105: =P105*$B$2 -> 0

Sheet Q.1.iv
A1: Guranteed return | B1: 0.03 | C1: p.a | G1: Deduction Fee | H1: 0.0124
G2: Probability of fund value being lower than guarantee | H2: =COUNTIFS($P$6:$P$105,"Yes")/100 -> 0.2 | I2: <<goal seeked to 20%
D4: Year
C5: Simulation | D5: 0 | E5: =D5+1 -> 1 | F5: =E5+1 -> 2 | G5: =F5+1 -> 3 | H5: =G5+1 -> 4 | I5: =H5+1 -> 5 | J5: =I5+1 -> 6 | K5: =J5+1 -> 7 | L5: =K5+1 -> 8 | ... N5: =M5+1 -> 10 | O5: Guranteed Value | P5: Fund value lower than Guranteed value?
C6: 1 | D6: 100000 | E6: =D6*(1+'Q.1.Input'!D5-$H$1) -> 98367 | F6: =E6*(1+'Q.1.Input'!E5-$H$1) -> 102823.03 | G6: =F6*(1+'Q.1.Input'!F5-$H$1) -> 104246.1 | H6: =G6*(1+'Q.1.Input'!G5-$H$1) -> 100616.25 | I6: =H6*(1+'Q.1.Input'!H5-$H$1) -> 105528.33 | J6: =I6*(1+'Q.1.Input'!I5-$H$1) -> 118912.49 | K6: =J6*(1+'Q.1.Input'!J5-$H$1) -> 112507.86 | L6: =K6*(1+'Q.1.Input'!K5-$H$1) -> 107070.36 | ... N6: =M6*(1+'Q.1.Input'!M5-$H$1) -> 110341.93 | O6: =D6*(1+$B$1)^10 -> 134391.64 | P6: =IF(N6<O6,"Yes","No") -> Yes
C7: =C6+1 -> 2 | D7: 100000 | E7: =D7*(1+'Q.1.Input'!D6-$H$1) -> 110394 | F7: =E7*(1+'Q.1.Input'!E6-$H$1) -> 104385.25 | G7: =F7*(1+'Q.1.Input'!F6-$H$1) -> 102945.78 | H7: =G7*(1+'Q.1.Input'!G6-$H$1) -> 112827.55 | I7: =H7*(1+'Q.1.Input'!H6-$H$1) -> 108986.9 | J7: =I7*(1+'Q.1.Input'!I6-$H$1) -> 114128.9 | K7: =J7*(1+'Q.1.Input'!J6-$H$1) -> 150247.27 | L7: =K7*(1+'Q.1.Input'!K6-$H$1) -> 145600.12 | ... N7: =M7*(1+'Q.1.Input'!M6-$H$1) -> 183754.33 | O7: =D7*(1+$B$1)^10 -> 134391.64 | P7: =IF(N7<O7,"Yes","No") -> No
C8: =C7+1 -> 3 | D8: 100000 | E8: =D8*(1+'Q.1.Input'!D7-$H$1) -> 108856 | F8: =E8*(1+'Q.1.Input'!E7-$H$1) -> 111682.99 | G8: =F8*(1+'Q.1.Input'!F7-$H$1) -> 107819.88 | H8: =G8*(1+'Q.1.Input'!G7-$H$1) -> 110321.3 | I8: =H8*(1+'Q.1.Input'!H7-$H$1) -> 128148.12 | J8: =I8*(1+'Q.1.Input'!I7-$H$1) -> 132154.03 | K8: =J8*(1+'Q.1.Input'!J7-$H$1) -> 147277.73 | L8: =K8*(1+'Q.1.Input'!K7-$H$1) -> 146860.94 | ... N8: =M8*(1+'Q.1.Input'!M7-$H$1) -> 177771.98 | O8: =D8*(1+$B$1)^10 -> 134391.64 | P8: =IF(N8<O8,"Yes","No") -> No
C9: =C8+1 -> 4 | D9: 100000 | E9: =D9*(1+'Q.1.Input'!D8-$H$1) -> 99989 | F9: =E9*(1+'Q.1.Input'!E8-$H$1) -> 99870.013 | G9: =F9*(1+'Q.1.Input'!F8-$H$1) -> 109040.08 | H9: =G9*(1+'Q.1.Input'!G8-$H$1) -> 116313.05 | I9: =H9*(1+'Q.1.Input'!H8-$H$1) -> 121409.89 | J9: =I9*(1+'Q.1.Input'!I8-$H$1) -> 117624.33 | K9: =J9*(1+'Q.1.Input'!J8-$H$1) -> 111186.75 | L9: =K9*(1+'Q.1.Input'!K8-$H$1) -> 116344.7 | ... N9: =M9*(1+'Q.1.Input'!M8-$H$1) -> 123025.58 | O9: =D9*(1+$B$1)^10 -> 134391.64 | P9: =IF(N9<O9,"Yes","No") -> Yes
C10: =C9+1 -> 5 | D10: 100000 | E10: =D10*(1+'Q.1.Input'!D9-$H$1) -> 105683 | F10: =E10*(1+'Q.1.Input'!E9-$H$1) -> 104667.39 | G10: =F10*(1+'Q.1.Input'!F9-$H$1) -> 105634.51 | H10: =G10*(1+'Q.1.Input'!G9-$H$1) -> 106909.52 | I10: =H10*(1+'Q.1.Input'!H9-$H$1) -> 115726.35 | J10: =I10*(1+'Q.1.Input'!I9-$H$1) -> 120862.29 | K10: =J10*(1+'Q.1.Input'!J9-$H$1) -> 116956.02 | L10: =K10*(1+'Q.1.Input'!K9-$H$1) -> 113454.35 | ... N10: =M10*(1+'Q.1.Input'!M9-$H$1) -> 121994.74 | O10: =D10*(1+$B$1)^10 -> 134391.64 | P10: =IF(N10<O10,"Yes","No") -> Yes
C11: =C10+1 -> 6 | D11: 100000 | E11: =D11*(1+'Q.1.Input'!D10-$H$1) -> 106952 | F11: =E11*(1+'Q.1.Input'!E10-$H$1) -> 118671.8 | G11: =F11*(1+'Q.1.Input'!F10-$H$1) -> 131153.7 | H11: =G11*(1+'Q.1.Input'!G10-$H$1) -> 141648.62 | I11: =H11*(1+'Q.1.Input'!H10-$H$1) -> 154320.5 | J11: =I11*(1+'Q.1.Input'!I10-$H$1) -> 161240.24 | K11: =J11*(1+'Q.1.Input'!J10-$H$1) -> 151996.33 | L11: =K11*(1+'Q.1.Input'!K10-$H$1) -> 150242.3 | ... N11: =M11*(1+'Q.1.Input'!M10-$H$1) -> 167533.63 | O11: =D11*(1+$B$1)^10 -> 134391.64 | P11: =IF(N11<O11,"Yes","No") -> No
C12: =C11+1 -> 7 | D12: 100000 | E12: =D12*(1+'Q.1.Input'!D11-$H$1) -> 93812 | F12: =E12*(1+'Q.1.Input'!E11-$H$1) -> 98583.278 | G12: =F12*(1+'Q.1.Input'!F11-$H$1) -> 103159.51 | H12: =G12*(1+'Q.1.Input'!G11-$H$1) -> 101462.54 | I12: =H12*(1+'Q.1.Input'!H11-$H$1) -> 107897.29 | J12: =I12*(1+'Q.1.Input'!I11-$H$1) -> 117619.92 | K12: =J12*(1+'Q.1.Input'!J11-$H$1) -> 122051.84 | L12: =K12*(1+'Q.1.Input'!K11-$H$1) -> 126990.06 | ... N12: =M12*(1+'Q.1.Input'!M11-$H$1) -> 141823.9 | O12: =D12*(1+$B$1)^10 -> 134391.64 | P12: =IF(N12<O12,"Yes","No") -> No
C13: =C12+1 -> 8 | D13: 100000 | E13: =D13*(1+'Q.1.Input'!D12-$H$1) -> 117413 | F13: =E13*(1+'Q.1.Input'!E12-$H$1) -> 113539.55 | G13: =F13*(1+'Q.1.Input'!F12-$H$1) -> 116862.85 | H13: =G13*(1+'Q.1.Input'!G12-$H$1) -> 135481.44 | I13: =H13*(1+'Q.1.Input'!H12-$H$1) -> 155410.76 | J13: =I13*(1+'Q.1.Input'!I12-$H$1) -> 170139.03 | K13: =J13*(1+'Q.1.Input'!J12-$H$1) -> 188168.67 | L13: =K13*(1+'Q.1.Input'!K12-$H$1) -> 184977.33 | ... N13: =M13*(1+'Q.1.Input'!M12-$H$1) -> 206570.01 | O13: =D13*(1+$B$1)^10 -> 134391.64 | P13: =IF(N13<O13,"Yes","No") -> No
C14: =C13+1 -> 9 | D14: 100000 | E14: =D14*(1+'Q.1.Input'!D13-$H$1) -> 112233 | F14: =E14*(1+'Q.1.Input'!E13-$H$1) -> 109784.08 | G14: =F14*(1+'Q.1.Input'!F13-$H$1) -> 116445.77 | H14: =G14*(1+'Q.1.Input'!G13-$H$1) -> 131072.53 | I14: =H14*(1+'Q.1.Input'!H13-$H$1) -> 132911.47 | J14: =I14*(1+'Q.1.Input'!I13-$H$1) -> 139159.64 | K14: =J14*(1+'Q.1.Input'!J13-$H$1) -> 147620.55 | L14: =K14*(1+'Q.1.Input'!K13-$H$1) -> 140317.76 | ... N14: =M14*(1+'Q.1.Input'!M13-$H$1) -> 165061.86 | O14: =D14*(1+$B$1)^10 -> 134391.64 | P14: =IF(N14<O14,"Yes","No") -> No
C15: =C14+1 -> 10 | D15: 100000 | E15: =D15*(1+'Q.1.Input'!D14-$H$1) -> 113473 | F15: =E15*(1+'Q.1.Input'!E14-$H$1) -> 117168.82 | G15: =F15*(1+'Q.1.Input'!F14-$H$1) -> 124467.26 | H15: =G15*(1+'Q.1.Input'!G14-$H$1) -> 122740.9 | I15: =H15*(1+'Q.1.Input'!H14-$H$1) -> 133704.12 | J15: =I15*(1+'Q.1.Input'!I14-$H$1) -> 143726.58 | K15: =J15*(1+'Q.1.Input'!J14-$H$1) -> 150549.28 | L15: =K15*(1+'Q.1.Input'!K14-$H$1) -> 142118.52 | ... N15: =M15*(1+'Q.1.Input'!M14-$H$1) -> 158794.37 | O15: =D15*(1+$B$1)^10 -> 134391.64 | P15: =IF(N15<O15,"Yes","No") -> No
C16: =C15+1 -> 11 | D16: 100000 | E16: =D16*(1+'Q.1.Input'!D15-$H$1) -> 102963 | F16: =E16*(1+'Q.1.Input'!E15-$H$1) -> 102092.96 | G16: =F16*(1+'Q.1.Input'!F15-$H$1) -> 110287.96 | H16: =G16*(1+'Q.1.Input'!G15-$H$1) -> 118428.32 | I16: =H16*(1+'Q.1.Input'!H15-$H$1) -> 130395.5 | J16: =I16*(1+'Q.1.Input'!I15-$H$1) -> 146298.54 | K16: =J16*(1+'Q.1.Input'!J15-$H$1) -> 185467.04 | L16: =K16*(1+'Q.1.Input'!K15-$H$1) -> 203950.69 | ... N16: =M16*(1+'Q.1.Input'!M15-$H$1) -> 234933.42 | O16: =D16*(1+$B$1)^10 -> 134391.64 | P16: =IF(N16<O16,"Yes","No") -> No
C17: =C16+1 -> 12 | D17: 100000 | E17: =D17*(1+'Q.1.Input'!D16-$H$1) -> 104837 | F17: =E17*(1+'Q.1.Input'!E16-$H$1) -> 101880.6 | G17: =F17*(1+'Q.1.Input'!F16-$H$1) -> 114990.59 | H17: =G17*(1+'Q.1.Input'!G16-$H$1) -> 123223.92 | I17: =H17*(1+'Q.1.Input'!H16-$H$1) -> 130257.54 | J17: =I17*(1+'Q.1.Input'!I16-$H$1) -> 146293.55 | K17: =J17*(1+'Q.1.Input'!J16-$H$1) -> 181581.01 | L17: =K17*(1+'Q.1.Input'!K16-$H$1) -> 192188.97 | ... N17: =M17*(1+'Q.1.Input'!M16-$H$1) -> 198845.31 | O17: =D17*(1+$B$1)^10 -> 134391.64 | P17: =IF(N17<O17,"Yes","No") -> No
C18: =C17+1 -> 13 | D18: 100000 | E18: =D18*(1+'Q.1.Input'!D17-$H$1) -> 115625 | F18: =E18*(1+'Q.1.Input'!E17-$H$1) -> 120128.59 | G18: =F18*(1+'Q.1.Input'!F17-$H$1) -> 127908.12 | H18: =G18*(1+'Q.1.Input'!G17-$H$1) -> 135603.07 | I18: =H18*(1+'Q.1.Input'!H17-$H$1) -> 141622.49 | J18: =I18*(1+'Q.1.Input'!I17-$H$1) -> 146372.51 | K18: =J18*(1+'Q.1.Input'!J17-$H$1) -> 168148.35 | L18: =K18*(1+'Q.1.Input'!K17-$H$1) -> 180184.41 | ... N18: =M18*(1+'Q.1.Input'!M17-$H$1) -> 208369.45 | O18: =D18*(1+$B$1)^10 -> 134391.64 | P18: =IF(N18<O18,"Yes","No") -> No
... C105: =C104+1 -> 100 | D105: 100000 | E105: =D105*(1+'Q.1.Input'!D104-$H$1) -> 96057 | F105: =E105*(1+'Q.1.Input'!E104-$H$1) -> 103478.36 | G105: =F105*(1+'Q.1.Input'!F104-$H$1) -> 109191.4 | H105: =G105*(1+'Q.1.Input'!G104-$H$1) -> 115193.66 | I105: =H105*(1+'Q.1.Input'!H104-$H$1) -> 110159.69 | J105: =I105*(1+'Q.1.Input'!I104-$H$1) -> 115835.12 | K105: =J105*(1+'Q.1.Input'!J104-$H$1) -> 114830.83 | L105: =K105*(1+'Q.1.Input'!K104-$H$1) -> 122604.88 | ... N105: =M105*(1+'Q.1.Input'!M104-$H$1) -> 152670.64 | O105: =D105*(1+$B$1)^10 -> 134391.64 | P105: =IF(N105<O105,"Yes","No") -> No

Sheet Q.1.v
A1: Guranteed return | B1: 0.03 | C1: p.a | G1: Expected Fund Value | H1: =AVERAGE(AB6:AB105) -> 164852.01
G2: Probability of fund value being lower than guarantee | H2: =COUNTIFS($AD$6:$AD$105,"Yes")/100 -> 0.03
D4: Year
C5: Simulation | D5: 0 | E5: =D5+1 -> 1 | F5: =E5+1 -> 2 | G5: =F5+1 -> 3 | H5: =G5+1 -> 4 | I5: =H5+1 -> 5 | J5: =I5+1 -> 6 | K5: =J5+1 -> 7 | L5: =K5+1 -> 8 | ... N5: =M5+1 -> 10 | P5: Simulation | Q5: 0 | R5: =Q5+1 -> 1 | S5: =R5+1 -> 2 | T5: =S5+1 -> 3 | U5: =T5+1 -> 4 | V5: =U5+1 -> 5 | W5: =V5+1 -> 6 | X5: =W5+1 -> 7 | Y5: =X5+1 -> 8 | ... AA5: =Z5+1 -> 10 | AB5: Total Fund Value | AC5: Guranteed Value | AD5: Fund value lower than Guranteed value?
C6: 1 | D6: 50000 | E6: =D6*(1+'Q.1.Input'!D5) -> 49803.5 | F6: =E6*(1+'Q.1.Input'!E5) -> 52677.162 | G6: =F6*(1+'Q.1.Input'!F5) -> 54059.411 | H6: =G6*(1+'Q.1.Input'!G5) -> 52847.399 | I6: =H6*(1+'Q.1.Input'!H5) -> 56082.716 | J6: =I6*(1+'Q.1.Input'!I5) -> 63891.113 | K6: =J6*(1+'Q.1.Input'!J5) -> 61242.188 | L6: =K6*(1+'Q.1.Input'!K5) -> 59041.756 | ... N6: =M6*(1+'Q.1.Input'!M5) -> 62344.141 | P6: 1 | Q6: 50000 | R6: =Q6*1.035 -> 51750 | S6: =R6*1.035 -> 53561.25 | T6: =S6*1.035 -> 55435.894 | U6: =T6*1.035 -> 57376.15 | V6: =U6*1.035 -> 59384.315 | W6: =V6*1.035 -> 61462.766 | X6: =W6*1.035 -> 63613.963 | Y6: =X6*1.035 -> 65840.452 | ... AA6: =Z6*1.035 -> 70529.938 | AB6: =AA6+N6 -> 132874.08 | AC6: =(D6+Q6)*(1+$B$1)^10 -> 134391.64 | AD6: =IF(AB6<AC6,"Yes","No") -> Yes
C7: =C6+1 -> 2 | D7: 50000 | E7: =D7*(1+'Q.1.Input'!D6) -> 55817 | F7: =E7*(1+'Q.1.Input'!E6) -> 53471.011 | G7: =F7*(1+'Q.1.Input'!F6) -> 53396.687 | H7: =G7*(1+'Q.1.Input'!G6) -> 59184.354 | I7: =H7*(1+'Q.1.Input'!H6) -> 57903.604 | J7: =I7*(1+'Q.1.Input'!I6) -> 61353.501 | K7: =J7*(1+'Q.1.Input'!J6) -> 81530.827 | L7: =K7*(1+'Q.1.Input'!K6) -> 80020.061 | ... N7: =M7*(1+'Q.1.Input'!M6) -> 103233.19 | P7: =P6+1 -> 2 | Q7: 50000 | R7: =Q7*1.035 -> 51750 | S7: =R7*1.035 -> 53561.25 | T7: =S7*1.035 -> 55435.894 | U7: =T7*1.035 -> 57376.15 | V7: =U7*1.035 -> 59384.315 | W7: =V7*1.035 -> 61462.766 | X7: =W7*1.035 -> 63613.963 | Y7: =X7*1.035 -> 65840.452 | ... AA7: =Z7*1.035 -> 70529.938 | AB7: =AA7+N7 -> 173763.13 | AC7: =(D7+Q7)*(1+$B$1)^10 -> 134391.64 | AD7: =IF(AB7<AC7,"Yes","No") -> No
C8: =C7+1 -> 3 | D8: 50000 | E8: =D8*(1+'Q.1.Input'!D7) -> 55048 | F8: =E8*(1+'Q.1.Input'!E7) -> 57160.192 | G8: =F8*(1+'Q.1.Input'!F7) -> 55891.807 | H8: =G8*(1+'Q.1.Input'!G7) -> 57881.555 | I8: =H8*(1+'Q.1.Input'!H7) -> 67952.367 | J8: =I8*(1+'Q.1.Input'!I7) -> 70919.168 | K8: =J8*(1+'Q.1.Input'!J7) -> 79914.555 | L8: =K8*(1+'Q.1.Input'!K7) -> 80679.337 | ... N8: =M8*(1+'Q.1.Input'!M7) -> 99874.506 | P8: =P7+1 -> 3 | Q8: 50000 | R8: =Q8*1.035 -> 51750 | S8: =R8*1.035 -> 53561.25 | T8: =S8*1.035 -> 55435.894 | U8: =T8*1.035 -> 57376.15 | V8: =U8*1.035 -> 59384.315 | W8: =V8*1.035 -> 61462.766 | X8: =W8*1.035 -> 63613.963 | Y8: =X8*1.035 -> 65840.452 | ... AA8: =Z8*1.035 -> 70529.938 | AB8: =AA8+N8 -> 170404.44 | AC8: =(D8+Q8)*(1+$B$1)^10 -> 134391.64 | AD8: =IF(AB8<AC8,"Yes","No") -> No
C9: =C8+1 -> 4 | D9: 50000 | E9: =D9*(1+'Q.1.Input'!D8) -> 50614.5 | F9: =E9*(1+'Q.1.Input'!E8) -> 51181.889 | G9: =F9*(1+'Q.1.Input'!F8) -> 56516.065 | H9: =G9*(1+'Q.1.Input'!G8) -> 60986.486 | I9: =H9*(1+'Q.1.Input'!H8) -> 64415.146 | J9: =I9*(1+'Q.1.Input'!I8) -> 63205.429 | K9: =J9*(1+'Q.1.Input'!J8) -> 60529.944 | L9: =K9*(1+'Q.1.Input'!K8) -> 64088.499 | ... N9: =M9*(1+'Q.1.Input'!M8) -> 69413.216 | P9: =P8+1 -> 4 | Q9: 50000 | R9: =Q9*1.035 -> 51750 | S9: =R9*1.035 -> 53561.25 | T9: =S9*1.035 -> 55435.894 | U9: =T9*1.035 -> 57376.15 | V9: =U9*1.035 -> 59384.315 | W9: =V9*1.035 -> 61462.766 | X9: =W9*1.035 -> 63613.963 | Y9: =X9*1.035 -> 65840.452 | ... AA9: =Z9*1.035 -> 70529.938 | AB9: =AA9+N9 -> 139943.15 | AC9: =(D9+Q9)*(1+$B$1)^10 -> 134391.64 | AD9: =IF(AB9<AC9,"Yes","No") -> No
C10: =C9+1 -> 5 | D10: 50000 | E10: =D10*(1+'Q.1.Input'!D9) -> 53461.5 | F10: =E10*(1+'Q.1.Input'!E9) -> 53610.658 | G10: =F10*(1+'Q.1.Input'!F9) -> 54770.792 | H10: =G10*(1+'Q.1.Input'!G9) -> 56111.034 | I10: =H10*(1+'Q.1.Input'!H9) -> 61434.287 | J10: =I10*(1+'Q.1.Input'!I9) -> 64922.526 | K10: =J10*(1+'Q.1.Input'!J9) -> 63629.269 | L10: =K10*(1+'Q.1.Input'!K9) -> 62513.212 | ... N10: =M10*(1+'Q.1.Input'!M9) -> 68837.875 | P10: =P9+1 -> 5 | Q10: 50000 | R10: =Q10*1.035 -> 51750 | S10: =R10*1.035 -> 53561.25 | T10: =S10*1.035 -> 55435.894 | U10: =T10*1.035 -> 57376.15 | V10: =U10*1.035 -> 59384.315 | W10: =V10*1.035 -> 61462.766 | X10: =W10*1.035 -> 63613.963 | Y10: =X10*1.035 -> 65840.452 | ... AA10: =Z10*1.035 -> 70529.938 | AB10: =AA10+N10 -> 139367.81 | AC10: =(D10+Q10)*(1+$B$1)^10 -> 134391.64 | AD10: =IF(AB10<AC10,"Yes","No") -> No
C11: =C10+1 -> 6 | D11: 50000 | E11: =D11*(1+'Q.1.Input'!D10) -> 54096 | F11: =E11*(1+'Q.1.Input'!E10) -> 60694.63 | G11: =F11*(1+'Q.1.Input'!F10) -> 67831.105 | H11: =G11*(1+'Q.1.Input'!G10) -> 74100.055 | I11: =H11*(1+'Q.1.Input'!H10) -> 81647.887 | J11: =I11*(1+'Q.1.Input'!I10) -> 86321.412 | K11: =J11*(1+'Q.1.Input'!J10) -> 82442.991 | L11: =K11*(1+'Q.1.Input'!K10) -> 82513.892 | ... N11: =M11*(1+'Q.1.Input'!M10) -> 94187.331 | P11: =P10+1 -> 6 | Q11: 50000 | R11: =Q11*1.035 -> 51750 | S11: =R11*1.035 -> 53561.25 | T11: =S11*1.035 -> 55435.894 | U11: =T11*1.035 -> 57376.15 | V11: =U11*1.035 -> 59384.315 | W11: =V11*1.035 -> 61462.766 | X11: =W11*1.035 -> 63613.963 | Y11: =X11*1.035 -> 65840.452 | ... AA11: =Z11*1.035 -> 70529.938 | AB11: =AA11+N11 -> 164717.27 | AC11: =(D11+Q11)*(1+$B$1)^10 -> 134391.64 | AD11: =IF(AB11<AC11,"Yes","No") -> No
C12: =C11+1 -> 7 | D12: 50000 | E12: =D12*(1+'Q.1.Input'!D11) -> 47526 | F12: =E12*(1+'Q.1.Input'!E11) -> 50532.495 | G12: =F12*(1+'Q.1.Input'!F11) -> 53504.816 | H12: =G12*(1+'Q.1.Input'!G11) -> 53288.122 | I12: =H12*(1+'Q.1.Input'!H11) -> 57328.427 | J12: =I12*(1+'Q.1.Input'!I11) -> 63205.164 | K12: =J12*(1+'Q.1.Input'!J11) -> 66370.479 | L12: =K12*(1+'Q.1.Input'!K11) -> 69878.822 | ... N12: =M12*(1+'Q.1.Input'!M11) -> 79886.553 | P12: =P11+1 -> 7 | Q12: 50000 | R12: =Q12*1.035 -> 51750 | S12: =R12*1.035 -> 53561.25 | T12: =S12*1.035 -> 55435.894 | U12: =T12*1.035 -> 57376.15 | V12: =U12*1.035 -> 59384.315 | W12: =V12*1.035 -> 61462.766 | X12: =W12*1.035 -> 63613.963 | Y12: =X12*1.035 -> 65840.452 | ... AA12: =Z12*1.035 -> 70529.938 | AB12: =AA12+N12 -> 150416.49 | AC12: =(D12+Q12)*(1+$B$1)^10 -> 134391.64 | AD12: =IF(AB12<AC12,"Yes","No") -> No
C13: =C12+1 -> 8 | D13: 50000 | E13: =D13*(1+'Q.1.Input'!D12) -> 59326.5 | F13: =E13*(1+'Q.1.Input'!E12) -> 58104.967 | G13: =F13*(1+'Q.1.Input'!F12) -> 60526.201 | H13: =G13*(1+'Q.1.Input'!G12) -> 70919.761 | I13: =H13*(1+'Q.1.Input'!H12) -> 82231.462 | J13: =I13*(1+'Q.1.Input'!I12) -> 91044.208 | K13: =J13*(1+'Q.1.Input'!J12) -> 101821.11 | L13: =K13*(1+'Q.1.Input'!K12) -> 101356.81 | ... N13: =M13*(1+'Q.1.Input'!M12) -> 115860.61 | P13: =P12+1 -> 8 | Q13: 50000 | R13: =Q13*1.035 -> 51750 | S13: =R13*1.035 -> 53561.25 | T13: =S13*1.035 -> 55435.894 | U13: =T13*1.035 -> 57376.15 | V13: =U13*1.035 -> 59384.315 | W13: =V13*1.035 -> 61462.766 | X13: =W13*1.035 -> 63613.963 | Y13: =X13*1.035 -> 65840.452 | ... AA13: =Z13*1.035 -> 70529.938 | AB13: =AA13+N13 -> 186390.55 | AC13: =(D13+Q13)*(1+$B$1)^10 -> 134391.64 | AD13: =IF(AB13<AC13,"Yes","No") -> No
C14: =C13+1 -> 9 | D14: 50000 | E14: =D14*(1+'Q.1.Input'!D13) -> 56736.5 | F14: =E14*(1+'Q.1.Input'!E13) -> 56202.042 | G14: =F14*(1+'Q.1.Input'!F13) -> 60309.287 | H14: =G14*(1+'Q.1.Input'!G13) -> 68632.572 | I14: =H14*(1+'Q.1.Input'!H13) -> 70446.531 | J14: =I14*(1+'Q.1.Input'!I13) -> 74631.759 | K14: =J14*(1+'Q.1.Input'!J13) -> 80094.804 | L14: =K14*(1+'Q.1.Input'!K13) -> 77125.69 | ... N14: =M14*(1+'Q.1.Input'!M13) -> 92814.23 | P14: =P13+1 -> 9 | Q14: 50000 | R14: =Q14*1.035 -> 51750 | S14: =R14*1.035 -> 53561.25 | T14: =S14*1.035 -> 55435.894 | U14: =T14*1.035 -> 57376.15 | V14: =U14*1.035 -> 59384.315 | W14: =V14*1.035 -> 61462.766 | X14: =W14*1.035 -> 63613.963 | Y14: =X14*1.035 -> 65840.452 | ... AA14: =Z14*1.035 -> 70529.938 | AB14: =AA14+N14 -> 163344.17 | AC14: =(D14+Q14)*(1+$B$1)^10 -> 134391.64 | AD14: =IF(AB14<AC14,"Yes","No") -> No
C15: =C14+1 -> 10 | D15: 50000 | E15: =D15*(1+'Q.1.Input'!D14) -> 57356.5 | F15: =E15*(1+'Q.1.Input'!E14) -> 59935.822 | G15: =F15*(1+'Q.1.Input'!F14) -> 64412.428 | H15: =G15*(1+'Q.1.Input'!G14) -> 64317.742 | I15: =H15*(1+'Q.1.Input'!H14) -> 70860.143 | J15: =I15*(1+'Q.1.Input'!I14) -> 77050.485 | K15: =J15*(1+'Q.1.Input'!J14) -> 81663.497 | L15: =K15*(1+'Q.1.Input'!K14) -> 78102.969 | ... N15: =M15*(1+'Q.1.Input'!M14) -> 89326.932 | P15: =P14+1 -> 10 | Q15: 50000 | R15: =Q15*1.035 -> 51750 | S15: =R15*1.035 -> 53561.25 | T15: =S15*1.035 -> 55435.894 | U15: =T15*1.035 -> 57376.15 | V15: =U15*1.035 -> 59384.315 | W15: =V15*1.035 -> 61462.766 | X15: =W15*1.035 -> 63613.963 | Y15: =X15*1.035 -> 65840.452 | ... AA15: =Z15*1.035 -> 70529.938 | AB15: =AA15+N15 -> 159856.87 | AC15: =(D15+Q15)*(1+$B$1)^10 -> 134391.64 | AD15: =IF(AB15<AC15,"Yes","No") -> No
C16: =C15+1 -> 11 | D16: 50000 | E16: =D16*(1+'Q.1.Input'!D15) -> 52101.5 | F16: =E16*(1+'Q.1.Input'!E15) -> 52307.301 | G16: =F16*(1+'Q.1.Input'!F15) -> 57154.619 | H16: =G16*(1+'Q.1.Input'!G15) -> 62081.918 | I16: =H16*(1+'Q.1.Input'!H15) -> 69125.112 | J16: =I16*(1+'Q.1.Input'!I15) -> 78412.762 | K16: =J16*(1+'Q.1.Input'!J15) -> 100378.53 | L16: =K16*(1+'Q.1.Input'!K15) -> 111626.95 | ... N16: =M16*(1+'Q.1.Input'!M15) -> 131575.19 | P16: =P15+1 -> 11 | Q16: 50000 | R16: =Q16*1.035 -> 51750 | S16: =R16*1.035 -> 53561.25 | T16: =S16*1.035 -> 55435.894 | U16: =T16*1.035 -> 57376.15 | V16: =U16*1.035 -> 59384.315 | W16: =V16*1.035 -> 61462.766 | X16: =W16*1.035 -> 63613.963 | Y16: =X16*1.035 -> 65840.452 | ... AA16: =Z16*1.035 -> 70529.938 | AB16: =AA16+N16 -> 202105.13 | AC16: =(D16+Q16)*(1+$B$1)^10 -> 134391.64 | AD16: =IF(AB16<AC16,"Yes","No") -> No
C17: =C16+1 -> 12 | D17: 50000 | E17: =D17*(1+'Q.1.Input'!D16) -> 53038.5 | F17: =E17*(1+'Q.1.Input'!E16) -> 52200.492 | G17: =F17*(1+'Q.1.Input'!F16) -> 59564.937 | H17: =G17*(1+'Q.1.Input'!G16) -> 64568.392 | I17: =H17*(1+'Q.1.Input'!H16) -> 69054.604 | J17: =I17*(1+'Q.1.Input'!I16) -> 78412.193 | K17: =J17*(1+'Q.1.Input'!J16) -> 98298.309 | L17: =K17*(1+'Q.1.Input'!K16) -> 105259.8 | ... N17: =M17*(1+'Q.1.Input'!M16) -> 111583.16 | P17: =P16+1 -> 12 | Q17: 50000 | R17: =Q17*1.035 -> 51750 | S17: =R17*1.035 -> 53561.25 | T17: =S17*1.035 -> 55435.894 | U17: =T17*1.035 -> 57376.15 | V17: =U17*1.035 -> 59384.315 | W17: =V17*1.035 -> 61462.766 | X17: =W17*1.035 -> 63613.963 | Y17: =X17*1.035 -> 65840.452 | ... AA17: =Z17*1.035 -> 70529.938 | AB17: =AA17+N17 -> 182113.1 | AC17: =(D17+Q17)*(1+$B$1)^10 -> 134391.64 | AD17: =IF(AB17<AC17,"Yes","No") -> No
C18: =C17+1 -> 13 | D18: 50000 | E18: =D18*(1+'Q.1.Input'!D17) -> 58432.5 | F18: =E18*(1+'Q.1.Input'!E17) -> 61433.009 | G18: =F18*(1+'Q.1.Input'!F17) -> 66173.18 | H18: =G18*(1+'Q.1.Input'!G17) -> 70974.706 | I18: =H18*(1+'Q.1.Input'!H17) -> 75005.359 | J18: =I18*(1+'Q.1.Input'!I17) -> 78451.106 | K18: =J18*(1+'Q.1.Input'!J17) -> 91095.07 | L18: =K18*(1+'Q.1.Input'!K17) -> 98745.234 | ... N18: =M18*(1+'Q.1.Input'!M17) -> 116840.39 | P18: =P17+1 -> 13 | Q18: 50000 | R18: =Q18*1.035 -> 51750 | S18: =R18*1.035 -> 53561.25 | T18: =S18*1.035 -> 55435.894 | U18: =T18*1.035 -> 57376.15 | V18: =U18*1.035 -> 59384.315 | W18: =V18*1.035 -> 61462.766 | X18: =W18*1.035 -> 63613.963 | Y18: =X18*1.035 -> 65840.452 | ... AA18: =Z18*1.035 -> 70529.938 | AB18: =AA18+N18 -> 187370.33 | AC18: =(D18+Q18)*(1+$B$1)^10 -> 134391.64 | AD18: =IF(AB18<AC18,"Yes","No") -> No
... C105: =C104+1 -> 100 | D105: 50000 | E105: =D105*(1+'Q.1.Input'!D104) -> 48648.5 | F105: =E105*(1+'Q.1.Input'!E104) -> 53010.325 | G105: =F105*(1+'Q.1.Input'!F104) -> 56594.353 | H105: =G105*(1+'Q.1.Input'!G104) -> 60407.114 | I105: =H105*(1+'Q.1.Input'!H104) -> 58516.371 | J105: =I105*(1+'Q.1.Input'!I104) -> 62256.738 | K105: =J105*(1+'Q.1.Input'!J104) -> 62488.956 | L105: =K105*(1+'Q.1.Input'!K104) -> 67494.321 | ... N105: =M105*(1+'Q.1.Input'!M104) -> 85936.138 | P105: =P104+1 -> 100 | Q105: 50000 | R105: =Q105*1.035 -> 51750 | S105: =R105*1.035 -> 53561.25 | T105: =S105*1.035 -> 55435.894 | U105: =T105*1.035 -> 57376.15 | V105: =U105*1.035 -> 59384.315 | W105: =V105*1.035 -> 61462.766 | X105: =W105*1.035 -> 63613.963 | Y105: =X105*1.035 -> 65840.452 | ... AA105: =Z105*1.035 -> 70529.938 | AB105: =AA105+N105 -> 156466.08 | AC105: =(D105+Q105)*(1+$B$1)^10 -> 134391.64 | AD105: =IF(AB105<AC105,"Yes","No") -> No

Sheet Q.1.vi.
B3: The expected fund value at the end of the 10 years is lower in v as compared to i
B4: However, the probability of the fund value being lower than the guaranteed amount has decreased.
B5: This is because now 50% of the fund has been invested in a fixed income instrument which gives a lower but fixed return which is higher than the guaranteed amount.
B6: This reduces the variance of returns leading to a lower probability
B9: Alternate Solution
B10: The guaranteed value is calculated at a fixed rate of 3% p.a for 10 years leading to a lower value than the values under most of the simulations
B11: This is because the investment strategy yields a significantly higher return for most of the years.
B12: However, the returns under investment strategy are highly volatile
B13: This leads to a lower value in the strategy as comapred to the guaranteed value in approximately ~6% of the mulations.

Sheet Q.2.Input
C4: Simulation Number | D4: x
C5: 1 | D5: 0.10560484
C6: =C5+1 -> 2 | D6: 0.062365063
C7: =C6+1 -> 3 | D7: 0
C8: =C7+1 -> 4 | D8: 0.080362408
C9: =C8+1 -> 5 | D9: 0
C10: =C9+1 -> 6 | D10: 0.06927288
C11: =C10+1 -> 7 | D11: 0
C12: =C11+1 -> 8 | D12: 0.045038717
C13: =C12+1 -> 9 | D13: 0.29748767
C14: =C13+1 -> 10 | D14: 0.032527238
C15: =C14+1 -> 11 | D15: 0
C16: =C15+1 -> 12 | D16: 0.06962723
C17: =C16+1 -> 13 | D17: 0.07764709
... C104: =C103+1 -> 100 | D104: 0

Sheet Q.2.i
E2: Expected Repair Cost | F2: =AVERAGE(C8:C107) -> 6885.5517
E3: Probability | F3: =COUNTIFS($D$8:$D$107,"Yes")/100 -> 0.34
B7: Simulation | C7: Repair cost | D7: Repair cost higher than the Expected cost?
B8: 1 | C8: =100000*'Q.2.Input'!D5 -> 10560.484 | D8: =IF(C8>$F$2,"Yes","No") -> Yes
B9: =B8+1 -> 2 | C9: =100000*'Q.2.Input'!D6 -> 6236.5063 | D9: =IF(C9>$F$2,"Yes","No") -> No
B10: =B9+1 -> 3 | C10: =100000*'Q.2.Input'!D7 -> 0 | D10: =IF(C10>$F$2,"Yes","No") -> No
B11: =B10+1 -> 4 | C11: =100000*'Q.2.Input'!D8 -> 8036.2408 | D11: =IF(C11>$F$2,"Yes","No") -> Yes
B12: =B11+1 -> 5 | C12: =100000*'Q.2.Input'!D9 -> 0 | D12: =IF(C12>$F$2,"Yes","No") -> No
B13: =B12+1 -> 6 | C13: =100000*'Q.2.Input'!D10 -> 6927.288 | D13: =IF(C13>$F$2,"Yes","No") -> Yes
B14: =B13+1 -> 7 | C14: =100000*'Q.2.Input'!D11 -> 0 | D14: =IF(C14>$F$2,"Yes","No") -> No
B15: =B14+1 -> 8 | C15: =100000*'Q.2.Input'!D12 -> 4503.8717 | D15: =IF(C15>$F$2,"Yes","No") -> No
B16: =B15+1 -> 9 | C16: =100000*'Q.2.Input'!D13 -> 29748.767 | D16: =IF(C16>$F$2,"Yes","No") -> Yes
B17: =B16+1 -> 10 | C17: =100000*'Q.2.Input'!D14 -> 3252.7238 | D17: =IF(C17>$F$2,"Yes","No") -> No
B18: =B17+1 -> 11 | C18: =100000*'Q.2.Input'!D15 -> 0 | D18: =IF(C18>$F$2,"Yes","No") -> No
B19: =B18+1 -> 12 | C19: =100000*'Q.2.Input'!D16 -> 6962.723 | D19: =IF(C19>$F$2,"Yes","No") -> Yes
B20: =B19+1 -> 13 | C20: =100000*'Q.2.Input'!D17 -> 7764.709 | D20: =IF(C20>$F$2,"Yes","No") -> Yes
... B107: =B106+1 -> 100 | C107: =100000*'Q.2.Input'!D104 -> 0 | D107: =IF(C107>$F$2,"Yes","No") -> No

Sheet Q.2.ii
G2: Expected Utility | H2: =AVERAGE(H6:H105) -> 304.87647
D5: Simulation | E5: Repair cost | F5: Initial Wealth | G5: Wealth after repair | H5: Utility
D6: 1 | E6: =100000*'Q.2.Input'!D5 -> 10560.484 | F6: 100000 | G6: =F6-E6 -> 89439.516 | H6: =IF(G6<=0,0,SQRT(G6)) -> 299.0644
D7: =D6+1 -> 2 | E7: =100000*'Q.2.Input'!D6 -> 6236.5063 | F7: 100000 | G7: =F7-E7 -> 93763.494 | H7: =IF(G7<=0,0,SQRT(G7)) -> 306.20825
D8: =D7+1 -> 3 | E8: =100000*'Q.2.Input'!D7 -> 0 | F8: 100000 | G8: =F8-E8 -> 100000 | H8: =IF(G8<=0,0,SQRT(G8)) -> 316.22777
D9: =D8+1 -> 4 | E9: =100000*'Q.2.Input'!D8 -> 8036.2408 | F9: 100000 | G9: =F9-E9 -> 91963.759 | H9: =IF(G9<=0,0,SQRT(G9)) -> 303.25527
D10: =D9+1 -> 5 | E10: =100000*'Q.2.Input'!D9 -> 0 | F10: 100000 | G10: =F10-E10 -> 100000 | H10: =IF(G10<=0,0,SQRT(G10)) -> 316.22777
D11: =D10+1 -> 6 | E11: =100000*'Q.2.Input'!D10 -> 6927.288 | F11: 100000 | G11: =F11-E11 -> 93072.712 | H11: =IF(G11<=0,0,SQRT(G11)) -> 305.07821
D12: =D11+1 -> 7 | E12: =100000*'Q.2.Input'!D11 -> 0 | F12: 100000 | G12: =F12-E12 -> 100000 | H12: =IF(G12<=0,0,SQRT(G12)) -> 316.22777
D13: =D12+1 -> 8 | E13: =100000*'Q.2.Input'!D12 -> 4503.8717 | F13: 100000 | G13: =F13-E13 -> 95496.128 | H13: =IF(G13<=0,0,SQRT(G13)) -> 309.02448
D14: =D13+1 -> 9 | E14: =100000*'Q.2.Input'!D13 -> 29748.767 | F14: 100000 | G14: =F14-E14 -> 70251.233 | H14: =IF(G14<=0,0,SQRT(G14)) -> 265.04949
D15: =D14+1 -> 10 | E15: =100000*'Q.2.Input'!D14 -> 3252.7238 | F15: 100000 | G15: =F15-E15 -> 96747.276 | H15: =IF(G15<=0,0,SQRT(G15)) -> 311.04224
D16: =D15+1 -> 11 | E16: =100000*'Q.2.Input'!D15 -> 0 | F16: 100000 | G16: =F16-E16 -> 100000 | H16: =IF(G16<=0,0,SQRT(G16)) -> 316.22777
D17: =D16+1 -> 12 | E17: =100000*'Q.2.Input'!D16 -> 6962.723 | F17: 100000 | G17: =F17-E17 -> 93037.277 | H17: =IF(G17<=0,0,SQRT(G17)) -> 305.02013
D18: =D17+1 -> 13 | E18: =100000*'Q.2.Input'!D17 -> 7764.709 | F18: 100000 | G18: =F18-E18 -> 92235.291 | H18: =IF(G18<=0,0,SQRT(G18)) -> 303.70264
... D105: =D104+1 -> 100 | E105: =100000*'Q.2.Input'!D104 -> 0 | F105: 100000 | G105: =F105-E105 -> 100000 | H105: =IF(G105<=0,0,SQRT(G105)) -> 316.22777

Sheet Q.2.iii
D5: Wealth | E5: Utility
D6: 0 | E6: =IF(D6<=0,0,SQRT(D6)) -> 0
D7: =D6+5000 -> 5000 | E7: =IF(D7<=0,0,SQRT(D7)) -> 70.710678
D8: =D7+5000 -> 10000 | E8: =IF(D8<=0,0,SQRT(D8)) -> 100
D9: =D8+5000 -> 15000 | E9: =IF(D9<=0,0,SQRT(D9)) -> 122.47449
D10: =D9+5000 -> 20000 | E10: =IF(D10<=0,0,SQRT(D10)) -> 141.42136
D11: =D10+5000 -> 25000 | E11: =IF(D11<=0,0,SQRT(D11)) -> 158.11388
D12: =D11+5000 -> 30000 | E12: =IF(D12<=0,0,SQRT(D12)) -> 173.20508
D13: =D12+5000 -> 35000 | E13: =IF(D13<=0,0,SQRT(D13)) -> 187.08287
D14: =D13+5000 -> 40000 | E14: =IF(D14<=0,0,SQRT(D14)) -> 200
D15: =D14+5000 -> 45000 | E15: =IF(D15<=0,0,SQRT(D15)) -> 212.13203
D16: =D15+5000 -> 50000 | E16: =IF(D16<=0,0,SQRT(D16)) -> 223.6068
D17: =D16+5000 -> 55000 | E17: =IF(D17<=0,0,SQRT(D17)) -> 234.52079
D18: =D17+5000 -> 60000 | E18: =IF(D18<=0,0,SQRT(D18)) -> 244.94897
D19: =D18+5000 -> 65000 | E19: =IF(D19<=0,0,SQRT(D19)) -> 254.95098 | I19: Mr. Camus has a positive marginal utility of wealth for all levels of the wealth
D20: =D19+5000 -> 70000 | E20: =IF(D20<=0,0,SQRT(D20)) -> 264.57513 | I20: However, he demonstrates decreasing marginal utility of wealth
D21: =D20+5000 -> 75000 | E21: =IF(D21<=0,0,SQRT(D21)) -> 273.86128 | I21: The shape of the utility curve tells us that Mr. Camus is risk-averse in nature.
D22: =D21+5000 -> 80000 | E22: =IF(D22<=0,0,SQRT(D22)) -> 282.84271 | I22: This indicates that he values the potential loss of wealth more highly than potential gain and will reject a fair gamble
D23: =D22+5000 -> 85000 | E23: =IF(D23<=0,0,SQRT(D23)) -> 291.54759
D24: =D23+5000 -> 90000 | E24: =IF(D24<=0,0,SQRT(D24)) -> 300
D25: =D24+5000 -> 95000 | E25: =IF(D25<=0,0,SQRT(D25)) -> 308.2207
D26: =D25+5000 -> 100000 | E26: =IF(D26<=0,0,SQRT(D26)) -> 316.22777

Sheet Q.2.iv
E1: Expected Utility without reinsurance | F1: ='Q.2.ii'!H2 -> 304.87647
E2: Maximum reinsurance Premium | F2: =D19 -> 7000
D5: Premium | E5: Initial Wealth | F5: Wealth after Premium | G5: Utility | H5: Utitily higher than without reinsurance?
D6: 500 | E6: 100000 | F6: =E6-D6 -> 99500 | G6: =SQRT(F6) -> 315.43621 | H6: =G6>$F$1 -> TRUE
D7: =D6+500 -> 1000 | E7: 100000 | F7: =E7-D7 -> 99000 | G7: =SQRT(F7) -> 314.64265 | H7: =G7>$F$1 -> TRUE
D8: =D7+500 -> 1500 | E8: 100000 | F8: =E8-D8 -> 98500 | G8: =SQRT(F8) -> 313.8471 | H8: =G8>$F$1 -> TRUE
D9: =D8+500 -> 2000 | E9: 100000 | F9: =E9-D9 -> 98000 | G9: =SQRT(F9) -> 313.04952 | H9: =G9>$F$1 -> TRUE
D10: =D9+500 -> 2500 | E10: 100000 | F10: =E10-D10 -> 97500 | G10: =SQRT(F10) -> 312.2499 | H10: =G10>$F$1 -> TRUE
D11: =D10+500 -> 3000 | E11: 100000 | F11: =E11-D11 -> 97000 | G11: =SQRT(F11) -> 311.44823 | H11: =G11>$F$1 -> TRUE
D12: =D11+500 -> 3500 | E12: 100000 | F12: =E12-D12 -> 96500 | G12: =SQRT(F12) -> 310.64449 | H12: =G12>$F$1 -> TRUE
D13: =D12+500 -> 4000 | E13: 100000 | F13: =E13-D13 -> 96000 | G13: =SQRT(F13) -> 309.83867 | H13: =G13>$F$1 -> TRUE
D14: =D13+500 -> 4500 | E14: 100000 | F14: =E14-D14 -> 95500 | G14: =SQRT(F14) -> 309.03074 | H14: =G14>$F$1 -> TRUE
D15: =D14+500 -> 5000 | E15: 100000 | F15: =E15-D15 -> 95000 | G15: =SQRT(F15) -> 308.2207 | H15: =G15>$F$1 -> TRUE
D16: =D15+500 -> 5500 | E16: 100000 | F16: =E16-D16 -> 94500 | G16: =SQRT(F16) -> 307.40852 | H16: =G16>$F$1 -> TRUE
D17: =D16+500 -> 6000 | E17: 100000 | F17: =E17-D17 -> 94000 | G17: =SQRT(F17) -> 306.59419 | H17: =G17>$F$1 -> TRUE
D18: =D17+500 -> 6500 | E18: 100000 | F18: =E18-D18 -> 93500 | G18: =SQRT(F18) -> 305.7777 | H18: =G18>$F$1 -> TRUE
... D36: =D35+500 -> 15500 | E36: 100000 | F36: =E36-D36 -> 84500 | G36: =SQRT(F36) -> 290.68884 | H36: =G36>$F$1 -> FALSE

Sheet Q.3.i
D3: Call option | E3: Put option
C4: Share price | D4: 100 | E4: 100
C5: Strike price | D5: 90 | E5: 100
C6: Maturity | D6: 1 | E6: 1
C7: Risk-free rate | D7: 0.06 | E7: 0.06
C8: Volatility | D8: 0.15 | E8: 0.15
C9: Calculations
C10: Present value of strike | D10: =++D5*EXP(-D7*D6) -> 84.758808 | E10: =++E5*EXP(-E7*E6) -> 94.176453
C11: s*t^.5 | D11: =+D8*D6^0.5 -> 0.15 | E11: =+E8*E6^0.5 -> 0.15
C12: d1 | D12: =++(LN(D4/D5)+(D7+D8*D8/2)*D6)/(D8*D6^0.5) -> 1.1774034 | E12: =++(LN(E4/E5)+(E7+E8*E8/2)*E6)/(E8*E6^0.5) -> 0.475
C13: d2 | D13: =+D12-D11 -> 1.0274034 | E13: =+E12-E11 -> 0.325
C14: N(d1) | D14: =_xlfn.NORM.DIST(D12,0,1,TRUE) -> 0.88048274 | E14: =_xlfn.NORM.DIST(E12,0,1,TRUE) -> 0.68260651
C15: N(d2) | D15: =_xlfn.NORM.DIST(D13,0,1,TRUE) -> 0.84788473 | E15: =_xlfn.NORM.DIST(E13,0,1,TRUE) -> 0.62740946
C16: Option values
C17: Option Price | D17: =D14*D4-D15*D10 -> 16.182575 | E17: =(E14-1)*E4-E15*E10+E10 -> 3.3499066

Sheet Q.3.ii
C2: Delta of call option
C3: N(d1) | D3: ='Q.3.i'!D14 -> 0.88048274
C5: Delta of put option
C6: N(d1) | D6: ='Q.3.i'!E14 -> 0.68260651
C7: 1- N(d1) | D7: =D6-1 -> -0.31739349
C9: Delta signifies the rate of change of the option price with respect to the change in price of the underlying security.
C10: An increase in the share price will increase the payoff to a call option buyer and hence the price of the call option. Thus, the delta is positive
C11: An increase in the share price will idecrease the payoff to a put option buyer and hence the price of the put option. Thus, the delta is negative

Sheet Q.3.iii
D3: Call option | E3: Put option
C4: Share price | D4: 100 | E4: 100 | H4: The price of both call and put option has increased as compared to i
C5: Strike price | D5: 90 | E5: 100 | H5: Increase in the volatitility of the share has led to an increase in the option prices
C6: Maturity | D6: 1 | E6: 1
C7: Risk-free rate | D7: 0.06 | E7: 0.06
C8: Volatility | D8: 0.25 | E8: 0.25
C9: Calculations
C10: Present value of strike | D10: =++D5*EXP(-D7*D6) -> 84.758808 | E10: =++E5*EXP(-E7*E6) -> 94.176453
C11: s*t^.5 | D11: =+D8*D6^0.5 -> 0.25 | E11: =+E8*E6^0.5 -> 0.25
C12: d1 | D12: =++(LN(D4/D5)+(D7+D8*D8/2)*D6)/(D8*D6^0.5) -> 0.78644206 | E12: =++(LN(E4/E5)+(E7+E8*E8/2)*E6)/(E8*E6^0.5) -> 0.365
C13: d2 | D13: =+D12-D11 -> 0.53644206 | E13: =+E12-E11 -> 0.115
C14: N(d1) | D14: =_xlfn.NORM.DIST(D12,0,1,TRUE) -> 0.78419573 | E14: =_xlfn.NORM.DIST(E12,0,1,TRUE) -> 0.6424443
C15: N(d2) | D15: =_xlfn.NORM.DIST(D13,0,1,TRUE) -> 0.70417347 | E15: =_xlfn.NORM.DIST(E13,0,1,TRUE) -> 0.54577744
C16: Option values
C17: Option Price | D17: =D14*D4-D15*D10 -> 18.734669 | E17: =(E14-1)*E4-E15*E10+E10 -> 7.0214995

Sheet Q.3.iv
C3: N(d1) | D3: ='Q.3.iii'!E14 -> 0.6424443
C4: Delta of put option | D4: =D3-1 -> -0.3575557
C5: Delta of shares | D5: 1
C6: Share price | D6: 100
C7: Put option price | D7: ='Q.3.iii'!E17 -> 7.0214995
C8: No. of shares | D8: 1000
C9: No. of put options | D9: =ROUNDUP((D8*D5)/-D4,0) -> 2797
C10: Portfolio value | D10: =D7*D9+D8*D6 -> 119639.13

Sheet Q.3.v.
C3: By put-call parity we have ;
C4: C + K*exp(-rt) = S + P
C6: Share price | D6: 100
C7: Put Price | D7: ='Q.3.iv'!D7 -> 7.0214995
C8: S + P | D8: =D6+D7 -> 107.0215
D10: Call option
C11: Share price | D11: 100
C12: Strike price | D12: 100
C13: Maturity | D13: 1
C14: Risk-free rate | D14: 0.06
C15: Volatility | D15: 0.25
C16: Calculations
C17: Present value of strike | D17: =++D12*EXP(-D14*D13) -> 94.176453
C18: s*t^.5 | D18: =+D15*D13^0.5 -> 0.25
C19: d1 | D19: =++(LN(D11/D12)+(D14+D15*D15/2)*D13)/(D15*D13^0.5) -> 0.365
C20: d2 | D20: =+D19-D18 -> 0.115
C21: N(d1) | D21: =_xlfn.NORM.DIST(D19,0,1,TRUE) -> 0.6424443
C22: N(d2) | D22: =_xlfn.NORM.DIST(D20,0,1,TRUE) -> 0.54577744
C23: Option values
C24: Call Price | D24: =D21*D11-D22*D17 -> 12.845046
C26: Hence, from put-call parity we have
C27: Cash | D27: =(D8-D24) -> 94.176453
